 Dungeon Crawl Stone Soup version 0.25-a0-942-g87a5396 (webtiles) character file.

Game seed: 17912385983990027429, levelgen mode: deterministic

182 DrEnzyme the Magician (level 5, -5/31 HPs)
             Began as a Kobold Wanderer on May 5, 2020.
             Slain by an orc
             ... wielding a +0 flail
              (7 damage)
             ... on level 2 of the Dungeon on May 6, 2020.
             The game lasted 00:09:09 (5291 turns).

DrEnzyme the Magician (Kobold Wanderer)             Turns: 5291, Time: 00:09:10

Health: -5/31      AC:  2    Str:  9 (11) XL:     5   Next: 93%
Magic:  11/11      EV: 14    Int: 14 (17) God:
Gold:   68         SH:  0    Dex: 10 (13) Spells: 10/13 levels left

rFire    . . .     SeeInvis .   k - +0 hand axe (flame)
rCold    . . .     Gourm    .   (shield restricted)
rNeg     . . .     Faith    .   e - +0 robe
rPois    .         Spirit   .   (no helmet)
rElec    .         Reflect  .   (no cloak)
rCorr    .         Harm     .   (no gloves)
MR       .....                  (no boots)
Stlth    ++........             (no amulet)
HPRegen  0.10/turn              b - +3 ring of intelligence
MPRegen  0.12/turn              (no ring)

@: no status effects
A: small, carnivore
a: no special abilities


You were on level 2 of the Dungeon.
You were very full.

You visited 1 branch of the dungeon, and saw 3 of its levels.

You collected 68 gold pieces.

Inventory:

Hand Weapons
 j - a +2 flail of holy wrath
 k - a +0 hand axe of flaming (weapon)
Missiles
 c - 18 poisoned darts (quivered)
Armour
 e - a +0 robe (worn)
 p - a +1 leather armour of cold resistance
Jewellery
 b - a +3 ring of intelligence (left hand)
 g - an uncursed amulet of rage {unknown}
 h - a +2 ring of intelligence
Potions
 i - 3 potions of degeneration
 m - 2 potions of stabbing
Comestibles
 f - 5 rations


   Skills:
 + Level 2.6 Fighting
 + Level 0.8 Axes
   Level 1.0 Bows
 - Level 1.1 Throwing
 + Level 1.7 Armour
 + Level 1.1 Dodging
 + Level 1.9 Stealth
 + Level 4.5 Spellcasting
 + Level 3.0 Conjurations


You had 10 spell levels left.
You knew the following spells:

 Your Spells              Type           Power        Failure   Level  Hunger
a - Magic Dart            Conj           ##..         5%          1    None
b - Blink                 Tloc           N/A          28%         2    ##.....

Your spell library contained the following spells:

 Spells                   Type           Power        Failure   Level  Hunger
 Call Imp                 Summ           #.......     28%         2    ##.....
 Slow                     Hex            #.......     28%         2    ##.....
 Conjure Flame            Conj/Fire      #.......     28%         3    ###....
 Mephitic Cloud           Conj/Pois/Air  #.......     36%         3    ###....


Dungeon Overview and Level Annotations

Branches:
Dungeon (3/15)

Altars:

Annotations:
D:3 Robin


Innate Abilities, Weirdness & Mutations

You are small and have problems with some larger weapons.
You are carnivorous and can eat meat at any time.


Message History

You see here 4 stones.
The orc barely misses you.
You climb upwards.
There is a stone staircase leading down here.
The orc hits you with a +0 flail.
You barely miss the orc. The orc barely misses you.
You hit the orc. You burn the orc.
The orc is heavily wounded.
The orc hits you with a +0 flail!
You closely miss the orc.
The orc is heavily wounded.
The orc closely misses you.
You hit the orc. You burn the orc.
You kill the orc!
You barely miss the orc. The orc hits you with a +0 flail!
* * * LOW HITPOINT WARNING * * *
You hit the orc. You burn the orc.
The orc is heavily wounded.
The orc hits you with a +0 flail!
You die...

#)#....###.....##....
#.#.##.# #.....##....
#รท#.##.###.....##....
#.#.##...#.....##....
#.#.##...#.....##....
#.#.##...#.....###...
#.#.##...'....(......
####.#.##.###...)..(.(((
#......@o....>[...[#####
#......##...........[...
####.#.............#####
#.#..#...............
#.#..##.##.###..#####
#.#..##.##.# #..#
#.##.##.##.# #..#####
####.##.##.##.###......#
#...............#......#


You could see an orc.

Vanquished Creatures
  4 gnolls
  4 adders
  3 oozes
  A worm (D:2)
  2 dart slugs
  5 leopard geckos
  9 orcs
  3 giant cockroaches
  14 goblins
  5 hobgoblins
  4 kobolds
  2 ball pythons
  6 bats
  5 frilled lizards
  6 rats
73 creatures vanquished.

Notes
Turn   | Place    | Note
-------+----------+-------------------------------------------
     0 | D:1      | DrEnzyme the Kobold Wanderer began the quest for the Orb.
     0 | D:1      | DrEnzyme set off with the following items: a +0 hand axe, 8
                  | poisoned darts, a +0 dagger, a +0 robe, a ration; and the
                  | following spell memorised: Magic Dart; and the following
                  | spells available to memorise: Blink, Call Imp, Slow,
                  | Conjure Flame, Mephitic Cloud
     0 | D:1      | Reached XP level 1. HP: 12/12 MP: 4/4
   263 | D:1      | Reached XP level 2. HP: 17/17 MP: 2/6
   315 | D:1      | You fall into a shaft and drop 1 floor!
   365 | D:2      | Reached skill level 1 in Conjurations
   549 | D:1      | Reached XP level 3. HP: 21/21 MP: 0/8
   631 | D:1      | Reached skill level 4 in Spellcasting
   703 | D:1      | Learned a level 2 spell: Blink
  1421 | D:2      | Reached XP level 4. HP: 25/27 MP: 2/10
  2925 | D:2      | Reached XP level 5. HP: 30/31 MP: 2/11
  4059 | D:3      | Noticed Robin
  4849 | D:2      | Reached skill level 1 in Dodging
  5291 | D:2      | Slain by an orc

Levels and vault maps discovered:
D:1:      dpeg_arrival_three_same_balls, layout_basic
D:2:      layout_basic, first_ration
D:3:      layout_rooms, uniq_robin

Skill      XL: |  1  2  3  4  5 |
---------------+----------------+-----
Conjurations   | 1 2 3 |  3.0
Spellcasting   | 4 |  4.5
Dodging        | 1 |  1.1
Fighting       | |  2.6
Axes           | |  0.8
Bows           | |  1.0
Throwing       | |  1.1
Armour         | |  1.7
Stealth        | |  1.9

Action                   |  1- 3 |  4- 6 || total
-------------------------+-------+-------++-------
Melee: Hand axe          |    10 |    96 ||   106
Throw: Dart              |       |     6 ||     6
 Cast: Magic Dart        |    80 |    89 ||   169
       Blink             |       |     1 ||     1
  Use: Potion            |       |     4 ||     4
       Scroll            |       |     3 ||     3
  Eat: Chunk             |    10 |    10 ||    20
Armor: Robe              |     8 |    17 ||    25
Dodge: Dodged            |    22 |   121 ||   143

Table legend:
 A = Non-vault XP
 B = Vault XP
 C = Vault XP percentage of total XP
 D = Non-vault monster count
 E = Vault monster count
 F = Vault count percentage of total count
                 A         B        C        D         E       F
            +---------+---------+-------+---------+---------+-------
      Total |     245 |      15 |   5.8 |      65 |       8 |  11.0
            +---------+---------+-------+---------+---------+-------
        D:1 |      64 |       0 |   0.0 |      25 |       0 |   0.0
        D:2 |     128 |      15 |  10.5 |      32 |       8 |  20.0
        D:3 |      53 |       0 |   0.0 |       8 |       0 |   0.0
            +---------+---------+-------+---------+---------+-------
